 Dungeon Crawl Stone Soup version 0.29.1-2-gbd0b4ee654 (webtiles) character file.

Game seed: 11132190798852769918

24 qeuew the Poker (level 3, -12/28 HPs)
             Began as a Merfolk Gladiator on Nov 10, 2022.
             Engulfed by a cloud of flame (16 damage)
             ... on level 1 of the Dungeon.
             The game lasted 00:00:42 (900 turns).

qeuew the Poker (Merfolk Gladiator)                  Turns: 900, Time: 00:00:43

Health: -12/28     AC:  4    Str: 14    XL:     3   Next: 2%
Magic:  3/3        EV: 13    Int:  7    God:
Gold:   64         SH:  0    Dex: 17    Spells: 2/2 levels left

rFire   . . .      SeeInvis .   a - +0 trident
rCold   . . .      Faith    .   (no shield)
rNeg    . . .      Spirit   .   b - +0 leather armour
rPois   .          Reflect  .   c - +0 helmet
rElec   .          Harm     .   (no cloak)
rCorr   .          Rampage  .   (no gloves)
Will    .....                   (no boots)
Stlth   +.........              (no amulet)
HPRegen 0.09/turn               (no ring)
MPRegen 0.08/turn               (no ring)

@: no status effects
A: (nimble swimmer 2), mertail
a: no special abilities


You were on level 1 of the Dungeon.
You visited 1 branch of the dungeon, and saw 1 of its levels.

You collected 64 gold pieces.

Inventory:

Hand Weapons
 a - a +0 trident (weapon)
Missiles
 d - 3 throwing nets (quivered)
 e - a javelin
Armour
 b - a +0 leather armour (worn)
 c - a +0 helmet (worn)
Jewellery
 g - an amulet of faith
Scrolls
 h - a scroll of blinking {unknown}
 i - a scroll of poison {unknown}
 j - a scroll of teleportation {unknown}
 k - a scroll of fog {unknown}
 m - a scroll of amnesia {unknown}
Potions
 f - a potion of ambrosia {unknown}
 l - a potion of curing {unknown}


   Skills:
 + Level 2.5 Fighting
 + Level 4.3 Polearms
 + Level 2.3 Throwing
 + Level 0.5 Armour
 + Level 4.3 Dodging


You had 2 spell levels left.
You didn't know any spells.
Your spell library was empty.

Dungeon Overview and Level Annotations

Branches:
Dungeon (1/15)

Altars:


Innate Abilities, Weirdness & Mutations

((You are very nimble when in or above water. (Stealth+, EV+, Speed+++)))
Your lower body shifts to a powerful aquatic tail in water.


Message History

You hit the kobold but do no damage. The kobold barely misses you.
The goblin hits you with a +0 dagger.
You hit the kobold.
You kill the kobold!
The goblin barely misses you.
You barely miss the goblin. The goblin misses you.
You barely miss the kobold. The kobold hits you but does no damage.
The goblin barely misses you.
You closely miss the kobold. The kobold completely misses you.
The goblin hits you with a +0 dagger.
You hit the kobold.
You kill the kobold!
The goblin barely misses you.
You closely miss the goblin. The goblin hits you with a +0 dagger.
A goblin is nearby!
You hit the goblin.
The goblin is severely wounded.
The goblin closely misses you. The goblin completely misses you.
A goblin is nearby!
You hit the goblin.
You kill the goblin!
You have reached level 3!
Your experience leads to an increase in your attributes!
Increase (S)trength, (I)ntelligence, or (D)exterity?
You feel agile. x2
There is a stone staircase leading down here.
You now have 64 gold pieces (gained 11).
You see here a +0 dagger.
Things that are here:
a +0 dagger; a goblin skeleton
There is a stone staircase leading down here.
Partly explored, can't reach some items and places.
Really walk into a travel-excluded area?
Really walk into that cloud of flame?
You are engulfed in blazing flames.
Ouch! That really hurt!
* * * LOW HITPOINT WARNING * * *
You are engulfed in blazing flames.
Ouch! That really hurt!
You die...

#.........#####..#######.#
#.###........##.....#....#
#.#....##.##.##.###.#.#.##
#.#.##.##....#####...####
#.#.##.##....# #§.§#
#......##....# #○°.#
###.#####....# #§§§# #.#
#....#####...###
###.#####.....§☼@.[.....
.......##.....§§§...(.§§
.##.##.######.○°§.?$..§.
.##.##.###########...###
.##.........# #§☼§#
.#####.####.# #.§§#
.#####.# ##.## #°.§#
.......# #.#.#####...###
######## ##.###........#


There were no monsters in sight!

Vanquished Creatures
  2 dart slugs (D:1)
  2 ball pythons (D:1)
  A bat (D:1)
  2 giant cockroaches (D:1)
  4 goblins (D:1)
  3 hobgoblins (D:1)
  A quokka (D:1)
  2 kobolds (D:1)
  A rat (D:1)
18 creatures vanquished.

Notes
Turn   | Place    | Note
-------+----------+-------------------------------------------
     0 | D:1      | qeuew the Merfolk Gladiator began the quest for the Orb.
     0 | D:1      | Reached XP level 1. HP: 16/16 MP: 1/1
   168 | D:1      | Reached XP level 2. HP: 23/23 MP: 2/2
   739 | D:1      | Reached XP level 3. HP: 20/28 MP: 3/3
   900 | D:1      | Engulfed by a cloud of flame

Illustrated notes

Levels and vault maps discovered:
D:1:      psy_arrival_fountain, layout_loops_cross, lemuel_flame_loot_1

Action                   || total
-------------------------++-------
Melee: Trident           ||    58
       Punch             ||     2
Armor: Leather armour    ||    11
Dodge: Dodged            ||    35
